 Dungeon Crawl Stone Soup version 0.25-a0-528-g6b7c99946c (webtiles) character file.

Game seed: 13548369941439536367, levelgen mode: deterministic

36225 kae the Black Belt (level 13, -13/105 HPs)
             Began as a Grey Draconian Transmuter on Feb 19, 2020.
             Was a High Priest of Wu Jian.
             Mangled by a wraith (14 damage)
             ... led by Josephine
             ... on level 6 of the Lair of Beasts.
             The game lasted 00:26:16 (20678 turns).

kae the Black Belt (Grey Draconian Transmuter)     Turns: 20678, Time: 00:26:16

Health: -13/105    AC: 16    Str: 14    XL:     13   Next: 51%
Magic:  23/25      EV: 18    Int: 19    God:    Wu Jian [*****.]
Gold:   1061       SH:  3    Dex: 25    Spells: 17/28 levels left

rFire    + . .     SeeInvis .     - Unarmed
rCold    . . .     Gourm    .   (shield currently unavailable)
rNeg     . . .     Faith    .   (armour unavailable)
rPois    +         Spirit   .   (helmet restricted)
rElec    +         Reflect  +   w - scarf {rC+ rF+}
rCorr    .         Harm     .   (gloves currently unavailable)
MR       .....     NoTele   +   L - +2 pair of boots
Stlth    ++........             P - +3 amulet of reflection
HPRegen  0.27/turn              m - ring of poison resistance
MPRegen  0.19/turn              H - ring of Qazlal's Hatred {-Tele rElec rC- Int+5 Dex+10}

@: blade hands, frozen, slowed, very slow
A: walk through water, unfitting armour, unbreathing, cold-blooded, AC +13
a: End Transformation, Wall Jump, Serpent's Lash, Heavenly Storm, Renounce
Religion


You were on level 6 of the Lair of Beasts.
You worshipped Wu Jian.
Wu Jian was extremely pleased with you.
You were very hungry.
You had blades for hands.
You visited 3 branches of the dungeon, and saw 19 of its levels.
You also visited: Ossuary.

You collected 1253 gold pieces.
You spent 192 gold pieces at shops.

Inventory:

Missiles
 a - 294 arrows
Armour
 l - a +2 pair of gloves (melded)
 w - a scarf of resistance (worn)
 L - a +2 pair of boots (worn)
Jewellery
 m - a ring of poison resistance (left scythe-like blade)
 s - an uncursed ring of protection from cold
 x - an uncursed amulet of the acrobat
 D - an uncursed ring of resist corrosion
 H - the ring of Qazlal's Hatred (right scythe-like blade) {-Tele rElec rC- Int+5 Dex+10}
   (You found it on level 12 of the Dungeon)

   [ring of intelligence]

   It affects your intelligence (+5).
   It affects your dexterity (+10).
   It makes you vulnerable to cold.
   It insulates you from electricity.
   It prevents most forms of teleportation.
 I - an uncursed ring of see invisible
 P - a +3 amulet of reflection (around neck)
Wands
 i - a wand of random effects (20)
 n - a wand of polymorph (8)
 p - a wand of flame (23)
 q - a wand of enslavement (16)
 r - a wand of iceblast (19)
 F - a wand of disintegration (3)
Scrolls
 e - 4 scrolls of remove curse
 f - 3 scrolls of teleportation
 h - 5 scrolls of magic mapping
 o - 6 scrolls of fear
 y - 2 scrolls of enchant armour
 z - 2 scrolls of identify
 A - 4 scrolls of amnesia
 K - a scroll of enchant weapon
 N - a scroll of summoning
 O - a scroll of fog
Potions
 b - 2 potions of mutation
 d - 14 potions of curing
 g - 5 potions of flight
 j - 4 potions of stabbing
 k - a potion of magic
 t - 2 potions of might
 u - a potion of heal wounds
 v - a potion of resistance
 B - 3 potions of haste
 C - a potion of lignification
 E - a potion of invisibility
 J - 3 potions of brilliance
Miscellaneous
 G - a sack of spiders
Comestibles
 c - 44 rations


   Skills:
 + Level 7.3 Fighting
 + Level 6.1 Dodging
 * Level 17.5 Unarmed Combat
 - Level 8.0 Spellcasting
 - Level 8.0 Transmutations


You had 17 spell levels left.
You knew the following spells:

 Your Spells              Type           Power        Failure   Level  Hunger
a - Beastly Appendage     Tmut           #####.       11%         1    None
b - Sticks to Snakes      Tmut           #####...     12%         2    None
c - Spider Form           Tmut/Pois      ###.......   34%         3    None
d - Blade Hands           Tmut           #####.....   45%         5    #####..

Your spell library contained the following spells:

 Spells                   Type           Power        Failure   Level  Hunger
 Foxfire                  Conj/Fire      #...         43%         1    None
 Swiftness                Chrm/Air       #.......     54%         2    None
 Ice Form                 Ice/Tmut       ###.....     58%         4    ###....
 Conjure Flame            Conj/Fire      #.......     69%         3    None
 Inner Flame              Hex/Fire       #.......     69%         3    None
 Spectral Weapon          Hex/Chrm       #.......     69%         3    None
 Yara's Violent Unravell  Hex/Tmut       ###.......   83%         5    #####..
 Airstrike                Air            #.........   94%         4    ###....
 Cause Fear               Hex            #.........   94%         4    ###....
 Sticky Flame             Conj/Fire      #.......     94%         4    ###....
 Excruciating Wounds      Chrm/Necr      #.........   99%         5    #####..
 Fireball                 Conj/Fire      #.........   99%         5    #####..
 Silence                  Hex/Air        #.........   99%         5    #####..
 Conjure Ball Lightning   Conj/Air       #.........   100%        6    ######.
 Deflect Missiles         Chrm/Air       #.........   100%        6    ######.
 Discord                  Hex            #.........   100%        8    #######


Dungeon Overview and Level Annotations

Branches:
Dungeon (12/15)            Temple (1/1) D:4            Lair (6/6) D:11
 Shoals (0/4) Lair:3       Spider (0/4) Lair:4        Slime (0/5) Lair:6
    Orc (0/2) D:12        Ossuary (visited)

Altars:
Ashenzari
Cheibriados
Dithmenos
Elyvilon
Fedhas
Gozag
Hepliaklqana
Kikubaaqudgha
Okawaru
Qazlal
Ru
Sif Muna
Uskayaw
Vehumet
Wu Jian
Xom
Zin
The Shining One
Beogh
Jiyva

Shops:
D:5 !   D:9 [

Annotations:
D:4 4 runed translucent doors
D:12 exclusion: orange crystal statue
Lair:4 Sonja


Innate Abilities, Weirdness & Mutations

You can walk through water.
Your dull iron-grey scales are very hard. (AC +13)
You cannot fit into any form of body armour.
You can survive without breathing.
You are cold-blooded and may be slowed by cold attacks.


Message History

* * * LOW HITPOINT WARNING * * *
The hippogriff closely misses you. The hippogriff claws you.
* * * LOW HITPOINT WARNING * * *
You spin and attack the wraith repeatedly.
A wolf comes into view.
The wolf howls!
You hit the wraith.
You tail-slap the wraith, but do no damage.
The wraith is lightly damaged.
You hit the wraith but do no damage. You tail-slap the wraith.
You slash the wraith!
The wraith is moderately damaged.
The ice encasing you melts away. The wraith completely misses you.
The wraith barely misses you. The rime drake breathes ice at you.
The flash freeze hits you!!
* * * LOW HITPOINT WARNING * * *
You are encased in ice.
The wraith hits you!
You die...

,,,,,*****#......#...P..,,,*
,,,,,* ##.P.$$..P.#.#,,,*
,,,*** ##.#.......P#.#*,,*
,,,#######...........P.#.,,*
,,,....P....P.!.†.?..PP.P,,**
,,..#<........÷P.k.......,,,*
,..........†...PHk...P...,,,*
>.........<†..PkWW..P...P****
_..............P@......P.*
[...........÷..P....#....*
..................#..#..#*
...........h.....##..#,.#*
P..P.............#*..#,,.*
...P................##*,***
P.........P....#P..#**,,,,*
...............#..P.,,,,***
....................,,,,,*


You could see a hippogriff, 3 rime drakes, 2 wraiths and a wolf.

Vanquished Creatures
  5 hydras
  Nergalle (Lair:3)
  3 cyclopes
  2 ugly things
  3 slime creatures (D:12)
  A black mamba (Lair:4)
  A gargoyle (D:10)
  7 komodo dragons
  6 spiny frogs
  A rime drake (Lair:5)
  A queen bee (Lair:3)
  A polar bear (Lair:5)
  A troll (D:12)
  A hornet (Lair:4)
  13 blink frogs
  6 hippogriffs
  A dream sheep (Lair:6)
  3 wraiths
  A wyvern (D:9)
  30 yaks
  Eustachio (D:5)
  2 basilisks (D:11)
  A hungry ghost (D:11)
  13 water moccasins
  11 porcupines
  7 orc warriors
  3 ice beasts
  2 sky beasts
  A phantom (D:7)
  11 ogres
  10 centaurs
  15 crocodiles
  29 wolves
  A necrophage (D:12)
  A big kobold (D:8)
  12 bullfrogs
  6 scorpions
  26 killer bees
  5 wights (D:8)
  An electric eel (Lair:3)
  3 howler monkeys
  3 crimson imps
  6 hounds
  4 centaur zombies
  4 jellies
  16 orc priests
  2 bullfrog skeletons
  3 centaur skeletons
  16 orc wizards
  Crazy Yiuf (D:3)
  4 iguanas
  11 worker ants
  A big kobold zombie (Ossuary)
  2 hound zombies
  8 mummies (Ossuary)
  2 worker ant zombies
  3 gnolls (D:5)
  13 adders
  4 shadow imps
  An ooze (D:1)
  An adder skeleton (D:5)
  2 worms
  5 dart slugs
  7 leopard geckos
  59 orcs
  7 bats
  9 giant cockroaches
  3 goblins
  8 hobgoblins
  11 jackals
  3 quokkas
  A ball python (D:3)
  5 frilled lizards
  2 hobgoblin zombies (Ossuary)
  15 kobolds
  3 kobold zombies (Ossuary)
  A leopard gecko skeleton (D:7)
  2 leopard gecko zombies
  2 orc zombies (Ossuary)
  2 quokka skeletons
  9 rats
  A fungus (Lair:4)
511 creatures vanquished.

Vanquished Creatures (others)
  An unseen horror (D:10)
  3 fungi
  9 plants
13 creatures vanquished.

Grand Total: 524 creatures vanquished

Notes
Turn   | Place    | Note
-------+----------+-------------------------------------------
     0 | D:1      | kae the Draconian Transmuter began the quest for the Orb.
     0 | D:1      | Reached XP level 1. HP: 16/16 MP: 3/3
   155 | D:1      | Reached XP level 2. HP: 21/23 MP: 5/5
   747 | D:1      | Reached XP level 3. HP: 25/29 MP: 6/6
  1331 | D:2      | Reached skill level 4 in Unarmed Combat
  1331 | D:2      | Reached XP level 4. HP: 19/36 MP: 5/7
  1371 | D:2      | Learned a level 2 spell: Sticks to Snakes
  1375 | D:2      | Learned a level 3 spell: Spider Form
  1538 | D:2      | Reached XP level 5. HP: 30/41 MP: 6/9
  2128 | D:3      | Reached skill level 5 in Unarmed Combat
  2348 | D:3      | Found an ancient bone altar of Kikubaaqudgha.
  2350 | D:3      | Found a blossoming altar of Fedhas.
  2350 | D:3      | Found a shadowy altar of Dithmenos.
  2360 | D:3      | Reached XP level 6. HP: 48/48 MP: 6/10
  2371 | D:3      | Found a shimmering altar of Xom.
  2371 | D:3      | Found a shattered altar of Ashenzari.
  2371 | D:3      | Found a glowing golden altar of the Shining One.
  2438 | D:3      | Found a runed translucent door.
  2439 | D:3      | Noticed Crazy Yiuf
  2447 | D:3      | Killed Crazy Yiuf
  2522 | D:4      | Found a large runed translucent door.
  2522 | D:4      | Found a large runed translucent door.
  2582 | D:4      | Reached skill level 6 in Unarmed Combat
  2599 | D:4      | Found a staircase to the Ecumenical Temple.
  2608 | Temple   | Entered the Ecumenical Temple
  2642 | Temple   | Became a worshipper of the Wu Jian Council
  2698 | D:4      | Found a sand-covered staircase.
  2708 | Ossuary  | Entered an ossuary
  2789 | Ossuary  | Your scales start taking on a dull iron-grey colour.
  2789 | Ossuary  | Reached XP level 7. HP: 45/55 MP: 7/11
  2789 | Ossuary  | Gained mutation: You can survive without breathing. [Grey
                  | Draconian growth]
  3168 | D:4      | Reached * piety under Wu Jian
  3295 | D:4      | Found a large runed translucent door.
  3295 | D:4      | Found a large runed translucent door.
  3378 | D:4      | Reached skill level 7 in Unarmed Combat
  3430 | D:4      | Reached skill level 5 in Transmutations
  3864 | D:5      | Entered Level 5 of the Dungeon
  3943 | D:5      | Reached XP level 8. HP: 61/61 MP: 12/12
  4048 | D:5      | Reached skill level 8 in Unarmed Combat
  4114 | D:5      | Noticed Eustachio
  4143 | D:5      | Killed Eustachio
  4218 | D:5      | Found Vaerel's Distillery.
  4240 | D:5      | Bought a potion of lignification for 36 gold pieces
  4240 | D:5      | Bought a potion of might for 48 gold pieces
  4240 | D:5      | Bought a potion of curing for 36 gold pieces
  4240 | D:5      | Bought a potion of heal wounds for 60 gold pieces
  4240 | D:5      | Bought a potion of degeneration for 12 gold pieces
  4262 | D:5      | Found a white marble altar of Elyvilon.
  4357 | D:5      | Reached skill level 9 in Unarmed Combat
  4452 | D:5      | Found a blossoming altar of Fedhas.
  4895 | D:6      | Reached ** piety under Wu Jian
  5268 | D:6      | Reached XP level 9. HP: 57/67 MP: 10/13
  5462 | D:6      | Reached skill level 10 in Unarmed Combat
  5632 | D:6      | You fall into a shaft and drop 2 floors!
  5776 | D:8      | Learned a level 5 spell: Blade Hands
  6042 | D:8      | Reached skill level 11 in Unarmed Combat
  7063 | D:7      | Reached *** piety under Wu Jian
  7558 | D:9      | Found Caurhiy's Antique Armour Emporium.
  7594 | D:9      | Reached XP level 10. HP: 52/73 MP: 14/14
  7706 | D:9      | Reached skill level 12 in Unarmed Combat
  7738 | D:9      | Noticed a +0 dagger
  7739 | D:9      | Noticed a +0 dagger
  7742 | D:9      | Found a hide-covered altar of Uskayaw.
  8347 | D:10     | Entered Level 10 of the Dungeon
  8515 | D:10     | Killed an unseen horror
  8650 | D:10     | Noticed a gargoyle
  8656 | D:10     | Killed a gargoyle
  8679 | D:10     | Reached **** piety under Wu Jian
  9425 | D:11     | Reached skill level 13 in Unarmed Combat
  9542 | D:11     | Noticed a green ugly thing
  9550 | D:11     | Killed a green ugly thing
  9606 | D:11     | Reached skill level 5 in Spellcasting
 10227 | D:11     | Reached XP level 11. HP: 76/79 MP: 14/19
 10252 | D:11     | Reached skill level 14 in Unarmed Combat
 10777 | D:11     | Found a staircase to the Lair.
 11774 | D:12     | Reached ***** piety under Wu Jian
 11920 | D:12     | Found a staircase to the Orcish Mines.
 11964 | D:12     | Found a roughly hewn altar of Beogh.
 12252 | D:12     | Noticed an orange crystal statue
 12342 | D:12     | Noticed a purple ugly thing
 12348 | D:12     | Killed a purple ugly thing
 12538 | D:12     | Reached skill level 15 in Unarmed Combat
 13200 | D:12     | Noticed a two-headed ogre
 13553 | D:12     | Got a brightly glowing silver ring
 13926 | D:12     | Identified the ring of Qazlal's Hatred {-Tele rElec rC-
                  | Int+5 Dex+10} (You found it on level 12 of the Dungeon)
 13997 | Lair:1   | Entered Level 1 of the Lair of Beasts
 14022 | Lair:1   | You fall into a shaft and drop 1 floor!
 14023 | Lair:2   | Noticed an eight-headed hydra
 14060 | Lair:1   | Reached XP level 12. HP: 17/85 MP: 23/23
 15381 | Lair:2   | Noticed a seven-headed hydra
 15395 | Lair:2   | Killed a seven-headed hydra
 15473 | Lair:2   | Reached skill level 16 in Unarmed Combat
 15812 | Lair:2   | Identified Sif Muna's Incunabulum of Floating Boosts
 15938 | Lair:2   | Killed an eight-headed hydra
 16501 | Lair:3   | Noticed Nergalle
 16505 | Lair:3   | Killed Nergalle
 17078 | Lair:3   | Reached skill level 5 in Fighting
 17439 | Lair:3   | Found the +8 glaive of the Guard {elec, +Rage AC+5 SInv}
 17824 | Lair:3   | Noticed a six-headed hydra
 17832 | Lair:3   | Killed a six-headed hydra
 18083 | Lair:3   | Found a staircase to the Shoals.
 18427 | Lair:4   | Reached XP level 13. HP: 98/102 MP: 20/25
 18442 | Lair:4   | Reached skill level 5 in Dodging
 18815 | Lair:4   | Found a hole to the Spider Nest.
 18918 | Lair:4   | Noticed Sonja
 19099 | Lair:4   | Reached skill level 17 in Unarmed Combat
 20239 | Lair:6   | Entered Level 6 of the Lair of Beasts
 20267 | Lair:6   | Found a viscous altar of Jiyva.
 20267 | Lair:6   | Found a staircase to the Slime Pits.
 20676 | Lair:6   | HP: 1/105 [rime drake/flash freeze (20)]
 20678 | Lair:6   | Mangled by a wraith

Levels and vault maps discovered:
D:1:      dpeg_arrival_another_circle, layout_basic
D:2:      layout_rooms, kennysheep_path_1, minmay_pentomino_p2
D:3:      layout_rooms, doesnt_xom_only_xom, uniq_crazy_yiuf_cottage
D:4:      layout_rooms, minmay_temple_entry_poolview,
          lightli_ossuary_entry_decrepit_ruins, minmay_hollow_rounded_squares
D:5:      layout_basic, basic_altar, first_ration, serial_shops,
          nicolae_shop_temple_entry_statues_fountains, minmay_crystal_water,
          fedhas_ov_isle_minmay, uniq_eustachio
D:6:      layout_loops_ring
D:7:      layout_gridville
D:8:      layout_rooms, grunt_ogre_cave
D:9:      layout_basic, dancing_weapons_uskayaw, serial_shops, shop
D:10:     layout_rooms
D:11:     layout_basic, minmay_lair_entry_grove
D:12:     layout_loops_corners, minmay_orc_entry_temple_small,
          kennysheep_cluttered_room, minmay_protected_statue
Temple:   compressed_dpeg_circular_temple
Lair:1:   layout_gridlike
Lair:2:   layout_roguey, lemuel_fruit_fields, grunt_megastairs_3
Lair:3:   layout_hall_layers, elwin_shoals_entry_rooms, special_room
          [special_room_bee], uniq_nergalle
Lair:4:   layout_cave_pods, nicolae_spider_entry_non_spiders, uniq_sonja
Lair:5:   layout_regular_city, infiniplex_staircase_pool, lemuel_fruit_tree
Lair:6:   evil_forest, layout_loops_ring, slime_altar_1,
          nicolae_volcano_entry_lava_flow, portal_ice_cave_rime, uniq_josephine

Skill      XL: |  1  2  3  4  5  6  7  8  9 10 11 12 13 |
---------------+----------------------------------------+-----
Fighting       | 2 5 7 |  7.3
Unarmed Combat | 4 5 6 7 9 11 13 15 16 17 | 17.5
Transmutations | 3 4 5 6 8 |  8.0
Spellcasting   | 3 5 7 8 |  8.0
Dodging        | 4 6 |  6.1

Action                   |  1- 3 |  4- 6 |  7- 9 | 10-12 | 13-15 || total
-------------------------+-------+-------+-------+-------+-------++-------
Melee: Unarmed           |   108 |   206 |   528 |   784 |   173 ||  1799
       Tailslap          |     7 |    20 |    57 |    98 |    29 ||   211
       Kick              |     7 |     2 |     6 |       |       ||    15
       Headbutt          |     2 |     2 |    10 |    10 |       ||    24
       Punch             |     1 |     1 |    16 |    51 |    15 ||    84
 Cast: Beastly Appendage |    12 |     5 |    17 |     9 |       ||    43
       Spider Form       |       |    10 |    11 |     2 |       ||    23
       Sticks to Snakes  |       |     2 |     1 |       |       ||     3
       Blade Hands       |       |       |       |    36 |     8 ||    44
Invok: Lunge             |       |     5 |    35 |    50 |    13 ||   103
       Whirlwind         |       |       |    14 |    39 |    37 ||    90
       Serpent's Lash    |       |       |       |     5 |     2 ||     7
 Abil: Wall Jump         |       |       |     1 |     2 |     1 ||     4
Evoke: Wand              |       |       |       |    14 |       ||    14
  Use: Potion            |     1 |     4 |     1 |     4 |     1 ||    11
       Scroll            |     1 |     8 |     7 |    13 |     2 ||    31
 Stab: Invisible         |       |     1 |       |       |       ||     1
       Sleeping          |       |       |     4 |     5 |     3 ||    12
  Eat: Chunk             |     1 |     7 |    17 |    34 |     7 ||    66
       Ration            |       |       |       |     4 |       ||     4
Armor: Skin              |    36 |    39 |   161 |   290 |    51 ||   577
Dodge: Dodged            |    69 |   116 |   362 |   516 |   138 ||  1201
Block: Other             |       |       |       |       |    13 ||    13

Table legend:
 A = Non-vault XP
 B = Vault XP
 C = Vault XP percentage of total XP
 D = Non-vault monster count
 E = Vault monster count
 F = Vault count percentage of total count
                 A         B        C        D         E       F
            +---------+---------+-------+---------+---------+-------
      Total |   43048 |    8703 |  16.8 |     414 |      97 |  19.0
            +---------+---------+-------+---------+---------+-------
        D:1 |      43 |       0 |   0.0 |      23 |       0 |   0.0
        D:2 |     185 |      15 |   7.5 |      27 |       2 |   6.9
        D:3 |     168 |      39 |  18.8 |      27 |       1 |   3.6
        D:4 |     505 |     253 |  33.4 |      16 |       9 |  36.0
        D:5 |     655 |     203 |  23.7 |      15 |       1 |   6.2
        D:6 |     831 |       0 |   0.0 |      16 |       0 |   0.0
        D:7 |     544 |       0 |   0.0 |      26 |       0 |   0.0
        D:8 |    1582 |     122 |   7.2 |      33 |       1 |   2.9
        D:9 |    1265 |       0 |   0.0 |      26 |       0 |   0.0
       D:10 |    1790 |       0 |   0.0 |      20 |       0 |   0.0
       D:11 |    4630 |    2011 |  30.3 |      35 |      13 |  27.1
       D:12 |    5828 |     277 |   4.5 |      38 |      10 |  20.8
     Lair:1 |    3631 |     421 |  10.4 |      22 |       2 |   8.3
     Lair:2 |    3106 |    1900 |  38.0 |       9 |      14 |  60.9
     Lair:3 |    5607 |    2007 |  26.4 |      29 |      16 |  35.6
     Lair:4 |    2664 |     471 |  15.0 |      13 |       8 |  38.1
     Lair:5 |    5967 |       0 |   0.0 |      26 |       0 |   0.0
     Lair:6 |    4047 |     805 |  16.6 |      13 |       4 |  23.5
    Ossuary |       0 |     179 | 100.0 |       0 |      16 | 100.0
            +---------+---------+-------+---------+---------+-------
